 Dungeon Crawl Stone Soup version 0.25.1-2-g60ff931df9 (webtiles) character file.

Game seed: 11375718697868808800

246577 Peloso the Hoplite (level 19, -3/181 HPs)
             Began as a Minotaur Fighter on Aug 10, 2020.
             Was the Champion of Okawaru.
             Killed from afar by a deep elf sorcerer (27 damage)
             ... with damnation
             ... on level 3 of the Elven Halls on Aug 11, 2020.
             The game lasted 01:51:22 (38830 turns).

Peloso the Hoplite (Minotaur Fighter)              Turns: 38830, Time: 01:51:22

Health: -3/181     AC: 30    Str: 33    XL:     19   Next: 20%
Magic:  19/19      EV: 13    Int:  8    God:    Okawaru [******]
Gold:   3104       SH: 28    Dex: 14    Spells: 18/18 levels left

rFire    + + .     SeeInvis .   a - +9 double sword of Dust {flame, rElec Int+3}
rCold    + . .     Gourm    .   x - +2 tower shield {reflect}
rNeg     + + +     Faith    +   Y - +4 gold dragon scales
rPois    +         Spirit   .   T - +0 hat "Cash" {rPois rN+++ rCorr Stlth-}
rElec    +         Reflect  +   V - +0 cloak {MR+}
rCorr    +         Harm     .   p - +0 pair of gloves of Hospitality {+Inv rF+ Regen+ Dex+2}
MR       +++..                  s - +2 pair of boots {Fly}
Stlth    ..........             D - amulet of faith
HPRegen  0.80/turn              F - ring of protection from magic
MPRegen  0.16/turn              e - +6 ring of strength

@: about to teleport, flying, very slightly contaminated
A: retaliatory headbutt, horns 2
}: 1/15 runes: decaying
a: Heroism, Finesse, Renounce Religion, Evoke Invisibility, Stop Flying


You were on level 3 of the Elven Halls.
You worshipped Okawaru.
Okawaru was exalted by your worship.
You were not hungry.

You visited 6 branches of the dungeon, and saw 31 of its levels.
You visited 1 bazaar.
You also visited: Trove, Gauntlet, Volcano and Desolation.

You collected 5162 gold pieces.
You spent 2058 gold pieces at shops.

Inventory:

Hand Weapons
 a - the +9 double sword of Dust (weapon) {flame, rElec Int+3}
   (Okawaru gifted it to you in a volcano)

   It has been specially enchanted to burn those struck by it, causing extra
   injury to most foes and up to half again as much damage against particularly
   susceptible opponents.
   Big, fiery blades are also staple armaments of hydra-hunters.
   It affects your intelligence (+3).
   It insulates you from electricity.
 b - a +2 double sword of holy wrath
 c - a +0 demon blade of electrocution
Armour
 p - the +0 pair of gloves of Hospitality (worn) {+Inv rF+ Regen+ Dex+2}
   (Okawaru gifted it to you on level 1 of the Lair of Beasts)

   It affects your dexterity (+2).
   It protects you from fire.
   It lets you turn invisible.
   It increases your rate of regeneration.
 s - a +2 pair of boots of flying (worn)
 x - a +2 tower shield of reflection (worn)
 E - the -1 cloak of Dawn {Str+4 Stlth+}
   (You found it in the Desolation of Salt)

   It affects your strength (+4).
   It makes you more stealthy.
 T - the +0 hat "Cash" (worn) {rPois rN+++ rCorr Stlth-}
   (Okawaru gifted it to you on level 6 of the Lair of Beasts)

   It protects you from poison.
   It renders you almost immune to negative energy.
   It provides partial protection from all sources of acid and corrosion.
   It makes you less stealthy.
 V - a +0 cloak of magic resistance (worn)
 Y - +4 gold dragon scales (worn)
Jewellery
 e - a +6 ring of strength (right hand)
 r - the amulet of Fun {Regen+ Str+2}
   (You found it in the Desolation of Salt)

   [amulet of regeneration]

   It affects your strength (+2).
   It increases your rate of regeneration.
 D - an amulet of faith (around neck)
 F - a ring of protection from magic (left hand)
Scrolls
 h - 7 scrolls of fear
 j - a scroll of enchant weapon
 l - 9 scrolls of magic mapping
 m - 5 scrolls of immolation
 n - a scroll of amnesia
 o - 2 scrolls of identify
 u - 13 scrolls of teleportation
 w - 8 scrolls of remove curse
 y - 2 scrolls of blinking
 J - a scroll of noise
Potions
 d - 5 potions of might
 g - a potion of heal wounds
 i - a potion of mutation
 k - 8 potions of curing
 z - 3 potions of resistance
 I - a potion of haste
 M - a potion of berserk rage
 U - 5 potions of stabbing
Comestibles
 f - 42 rations
 q - 8 chunks of flesh


   Skills:
 + Level 18.9 Fighting
 + Level 20.3 Long Blades
 + Level 13.4 Armour
 + Level 12.7 Dodging
 + Level 4.0 Stealth
 + Level 21.6 Shields
 + Level 1.0 Unarmed Combat
 + Level 2.3 Invocations
 + Level 0.3 Evocations


You had 18 spell levels left.
You didn't know any spells.
Your spell library contained the following spells:

 Spells                   Type           Power        Failure   Level  Hunger
 Animate Skeleton         Necr           N/A          100%        1    ##.....
 Freeze                   Ice            #...         100%        1    ##.....
 Magic Dart               Conj           #...         100%        1    ##.....
 Pain                     Necr           #...         100%        1    ##.....
 Shock                    Conj/Air       #...         100%        1    ##.....
 Summon Small Mammal      Summ           #...         100%        1    ##.....
 Blink                    Tloc           N/A          100%        2    ###....
 Call Imp                 Summ           #.......     100%        2    ###....
 Poisonous Vapours        Pois/Air       #.....       100%        2    ###....
 Searing Ray              Conj           #.....       100%        2    ###....
 Slow                     Hex            #.......     100%        2    ###....
 Sublimation of Blood     Necr           #.........   100%        2    ###....
 Swiftness                Chrm/Air       #.......     100%        2    ###....
 Call Canine Familiar     Summ           #.......     100%        3    ####...
 Confusing Touch          Hex            #.......     100%        3    ####...
 Conjure Flame            Conj/Fire      #.......     100%        3    ####...
 Dazzling Flash           Conj/Hex       #.....       100%        3    ####...
 Frozen Ramparts          Ice            #.....       100%        3    ####...
 Gell's Gravitas          Tloc           #.........   100%        3    ####...
 Mephitic Cloud           Conj/Pois/Air  #.......     100%        3    ####...
 Ozocubu's Armour         Chrm/Ice       #.......     100%        3    ####...
 Spectral Weapon          Hex/Chrm       #.......     100%        3    ####...
 Static Discharge         Conj/Air       #.......     100%        3    ####...
 Summon Guardian Golem    Hex/Summ       #.......     100%        3    ####...
 Vampiric Draining        Necr           #.........   100%        3    ####...
 Animate Dead             Necr           N/A          100%        4    #####..
 Cause Fear               Hex            #.........   100%        4    #####..
 Fulminant Prism          Conj/Hex       #.........   100%        4    #####..
 Hailstorm                Conj/Ice       #.......     100%        4    #####..
 Iskenderun's Mystic Bla  Conj/Tloc      #.......     100%        4    #####..
 Leda's Liquefaction      Hex/Erth       #.........   100%        4    #####..
 Petrify                  Tmut/Erth      #.......     100%        4    #####..
 Summon Ice Beast         Ice/Summ       #.......     100%        4    #####..
 Summon Lightning Spire   Summ/Air       #.......     100%        4    #####..
 Agony                    Necr           #.......     100%        5    ######.
 Metabolic Englaciation   Hex/Ice        #.........   100%        5    ######.
 Silence                  Hex/Air        #.........   100%        5    ######.
 Yara's Violent Unravell  Hex/Tmut       #.........   100%        5    ######.
 Darkness                 Hex            #.........   100%        6    #######
 Freezing Cloud           Conj/Ice/Air   #.........   100%        6    #######
 Invisibility             Hex            #.......     100%        6    #######
 Ring of Flames           Chrm/Fire      #.........   100%        7    #######
 Discord                  Hex            #.........   100%        8    #######
 Tornado                  Air            #.........   100%        9    #######


Dungeon Overview and Level Annotations

Branches:
Dungeon (15/15)            Temple (1/1) D:5            Lair (6/6) D:10
  Swamp (4/4) Lair:2        Snake (0/4) Lair:3        Slime (0/5) Lair:6
    Orc (2/2) D:11            Elf (3/3) Orc:2        Vaults (0/5) D:13
 Depths (0/5) D:15        Volcano (visited)         Desolation (visited)
Gauntlet (visited)

Altars:
Ashenzari
Cheibriados
Dithmenos
Elyvilon
Fedhas
Gozag
Hepliaklqana
Kikubaaqudgha
Makhleb
Okawaru
Qazlal
Ru
Sif Muna
Trog
Uskayaw
Vehumet
Wu Jian
Xom
Yredelemnul
Beogh

Shops:
D:6 !   D:7 (   D:10 :   Orc:2 [}::   Elf:1 [   Elf:2 [*[=!*

Annotations:
D:10 casa
Elf:2 3 runed translucent doors


Innate Abilities, Weirdness & Mutations

You reflexively headbutt those who attack you in melee.
You have a pair of horns on your head.


Message History

Okawaru accepts your kill.
You feel a bit more experienced. Okawaru accepts your kill.
You feel a bit more experienced.
You hear an explosion!
Okawaru accepts your kill.
You feel a bit more experienced. Okawaru accepts your kill.
You feel a bit more experienced. Okawaru accepts your kill.
You feel a bit more experienced.
You hear an explosion!
Okawaru accepts your kill.
You feel a bit more experienced.
The crawling corpse moves out of view. x2
Unknown command.
As you read the scroll of teleportation, it crumbles to dust.
You feel strangely unstable.
The deep elf sorcerer casts a spell at you.
The sphere of damnation explodes!
The damnation engulfs you!!
You die... ee14 #..## ## eeee

#'## # #ee# #.# #ee# #.#
#(e# #.### #e)# #...##
#)e# #..#.#####
#x.§e.##########.###.....
#x..§...@........# ##.###
###########......###.## #
##...#..#.## # ##.##[#.##
# #########.### #
########...### #.# ###
#............###.# #.#
##.##...........#.# ##.#
#.###...........#.# #..#


You could see a ghostly deep elf death mage (empowered), a deep elf sorcerer
(fast, inner flame, empowered) and 2 crawling corpses.

Vanquished Creatures
  Rupert (Lair:4)
  2 deep elf master archers (Elf:3)
  2 deep elf blademasters (Elf:3)
  Gastronok (D:9)
  2 thorn hunters
  Roxanne (Swamp:3)
  A fire giant (D:14)
  2 deep elf sorcerers (Elf:3)
  3 imperial myrmidons (Desolation)
  Louise (Swamp:4)
  Aizul (Swamp:3)
  2 deep elf elementalists (Elf:3)
  A very ugly thing (Swamp:4)
  A war gargoyle (D:14)
  Azrael (Elf:1)
  2 deep elf demonologists (Elf:3)
  A halazid warlock (Desolation)
  7 deep elf annihilators
  A minotaur (Gauntlet)
  An ettin (D:15)
  Snorg (Orc:2)
  2 deep elf death magi (Elf:3)
  3 crystal guardians
  Erolcha (D:11)
  Josephine (D:11)
  6 ragged hierophants (Desolation)
  3 fire dragons (Swamp:4)
  An ogre mage (D:15)
  3 servants of whispers (Desolation)
  4 deep elf high priests (Elf:3)
  An ice dragon (Lair:6)
  A yaktaur captain (D:14)
  Fannar (D:11)
  5 vault guards (D:13)
  12 peacekeepers (Desolation)
  A ghost crab (Swamp:2)
  3 catoblepae
  A shambling mangrove (Swamp:4)
  A death knight (D:14)
  27 hydras
  Erica (D:8)
  A centaur warrior (D:15)
  17 dancing weapons
  6 death yaks (Lair:6)
  A tengu warrior (D:13)
  9 two-headed ogres
  A deep troll earth mage (D:14)
  12 alligators
  7 orc high priests
  18 deep elf knights
  Sonja (Lair:1)
  8 skeletal warriors
  2 fire crabs (Swamp:4)
  An unseen horror (D:14)
  9 swamp dragons
  A wizard (D:15)
  2 ironbrand convokers (Desolation)
  15 deep elf archers
  4 orc knights
  2 lindwurms
  An oklob plant (Lair:5)
  The ghost of Ebobla the Poker, a novice DsBe of Trog (D:6)
  47 deep elf magi
  3 wolf spiders
  2 phantasmal warriors (D:14)
  7 ugly things
  5 orc sorcerers
  6 slime creatures
  3 cyclopes
  3 manticores
  7 black mambas
  Joseph (Lair:1)
  5 elephants (Lair:3)
  2 centaur zombies
  5 guardian serpents
  4 molten gargoyles
  A gargoyle (D:13)
  5 torpor snails (Lair:6)
  An ice statue (Gauntlet)
  A smoke demon (Volcano)
  29 spiny frogs
  A rime drake (Gauntlet)
  6 centaur skeletons
  Maggie (D:6)
  2 freezing wraiths (D:14)
  12 komodo dragons
  A yaktaur (shapeshifter) (D:15)
  2 efreet
  A kobold demonologist (D:13)
  2 yaktaurs
  A redback zombie (D:15)
  3 tengu conjurers
  2 red devils (Volcano)
  4 trolls
  3 polar bears
  14 tyrant leeches
  The ghost of TangoThomas the Firebug, an amateur DsFE of Ashenzari (D:5)
  11 bog bodies
  54 saltlings (Desolation)
  A meliai zombie (D:11)
  5 dream sheep (Lair:6)
  10 hippogriffs
  12 blink frogs
  26 hornets
  A centaur simulacrum (D:14)
  An air elemental (Elf:1)
  A vampire (D:14)
  4 wraiths
  2 shadows
  5 fire elementals
  6 water elementals
  44 yaks
  11 wyverns
  A human (shapeshifter) (Elf:2)
  2 redbacks (Lair:6)
  9 spriggans
  2 steam dragons (Swamp:4)
  Grum (Lair:1)
  2 basilisks
  2 fire bats (Volcano)
  37 vampire mosquitoes
  3 hungry ghosts
  A soldier ant (shapeshifter) (D:15)
  11 swamp worms
  7 nagas (Lair:3)
  4 hell hounds (Elf:1)
  An acid dragon (D:14)
  11 wargs
  18 water moccasins
  16 porcupines
  5 sky beasts
  31 orc warriors
  12 swamp drakes
  5 ice beasts
  A phantom (D:6)
  4 necrophages
  A black bear (D:11)
  10 ogres
  2 eyes of draining
  25 centaurs
  A centaur (shapeshifter) (D:14)
  6 wolves
  12 crocodiles
  5 big kobolds
  23 bullfrogs
  A gnoll sergeant (D:12)
  3 earth elementals (Elf:2)
  A wyvern zombie (D:14)
  A wyvern skeleton (D:6)
  10 scorpions
  3 killer bees (D:9)
  4 wights (D:11)
  2 howler monkeys
  2 electric eels (Lair:3)
  6 crimson imps
  A quasit (D:13)
  6 lava snakes (Volcano)
  3 bullfrog zombies
  42 orc priests
  8 hounds
  16 jellies
  3 iguanas
  30 orc wizards
  14 worker ants
  A spectral hound (D:6)
  2 hound zombies
  A spectral worker ant (D:6)
  A worker ant zombie (D:4)
  11 adders
  16 gnolls
  A hound simulacrum (D:5)
  4 shadow imps
  A white imp (D:5)
  A worker ant simulacrum (D:5)
  3 oozes
  An adder zombie (D:7)
  3 adder skeletons
  3 worms
  3 adder simulacra
  A dart slug (D:1)
  3 leopard geckos
  126 orcs
  2 ball pythons
  5 bats
  4 giant cockroaches
  7 goblins
  9 hobgoblins
  17 jackals
  4 quokkas
  4 frilled lizards
  A jackal zombie (D:8)
  19 kobolds
  4 leopard gecko skeletons
  4 rats
  3 fungi (Lair:6)
  7 pillars of salt (Elf:1)
  2 plants
1320 creatures vanquished.

Vanquished Creatures (others)
  A deep elf knight (Elf:2)
  A swamp dragon (Swamp:4)
  3 deep elf magi (Elf:1)
  A blink frog (Swamp:3)
  A spriggan (Swamp:4)
  3 steam dragons (Swamp:4)
  5 swamp drakes
  An orc (Orc:2)
  A briar patch (Swamp:4)
  7 fungi
  4 pillars of salt (Elf:1)
  10 plants
  7 toadstools (Lair:3)
45 creatures vanquished.

Grand Total: 1365 creatures vanquished

Notes
Turn   | Place    | Note
-------+----------+-------------------------------------------
     0 | D:1      | Peloso the Minotaur Fighter began the quest for the Orb.
     0 | D:1      | Reached XP level 1. HP: 19/19 MP: 0/0
   157 | D:1      | Reached XP level 2. HP: 27/27 MP: 1/1
   300 | D:1      | Reached skill level 4 in Shields
   526 | D:1      | Reached XP level 3. HP: 30/33 MP: 2/2
  1463 | D:2      | Found a transporter.
  1468 | D:2      | Noticed a water moccasin
  1469 | D:2      | Noticed a big kobold
  1470 | D:2      | Noticed a scorpion
  1472 | D:2      | Found a transporter.
  1477 | D:2      | Killed a water moccasin
  1477 | D:2      | Reached skill level 5 in Armour
  1477 | D:2      | Reached skill level 1 in Dodging
  1477 | D:2      | Reached XP level 4. HP: 40/41 MP: 3/3
  1477 | D:2      | Reached XP level 5. HP: 46/47 MP: 4/4
  1495 | D:2      | Found a hazy altar of Hepliaklqana.
  1688 | D:2      | Found an ancient bone altar of Kikubaaqudgha.
  2407 | D:4      | Reached XP level 6. HP: 42/53 MP: 5/5
  3150 | D:4      | Reached skill level 5 in Long Blades
  3150 | D:4      | Reached skill level 5 in Shields
  3268 | D:4      | Reached skill level 5 in Fighting
  3422 | D:5      | Entered Level 5 of the Dungeon
  3443 | D:5      | Reached XP level 7. HP: 61/61 MP: 6/6
  3641 | D:5      | Found a runed translucent gate.
  3641 | D:5      | Found a runed translucent gate.
  3642 | D:5      | Found a runed translucent gate.
  3758 | D:5      | Noticed TangoThomas's ghost (amateur DsFE)
  3786 | D:5      | Reached skill level 6 in Shields
  3942 | D:5      | Reached XP level 8. HP: 64/69 MP: 7/7
  4032 | D:5      | Found a staircase to the Ecumenical Temple.
  4040 | Temple   | Entered the Ecumenical Temple
  4050 | Temple   | Became a worshipper of Warmaster Okawaru
  4523 | D:6      | Noticed Maggie
  4545 | D:6      | Killed Maggie
  4545 | D:6      | Reached * piety under Okawaru
  4545 | D:6      | Reached skill level 7 in Shields
  4668 | D:6      | Found Wiavaobyfe's Distillery.
  4671 | D:6      | Bought a potion of degeneration for 14 gold pieces
  4671 | D:6      | Bought a potion of lignification for 42 gold pieces
  4997 | D:6      | Got an ichor-stained spear
  4998 | D:6      | Identified the +8 spear "Locik" {vorpal, rElec rPois Int+5
                  | Stlth-} (You found it on level 6 of the Dungeon)
  5338 | D:6      | Reached XP level 9. HP: 53/75 MP: 8/8
  5537 | D:6      | Found a runed translucent gate.
  5537 | D:6      | Found a runed translucent gate.
  5538 | D:6      | Found a runed translucent gate.
  5543 | D:6      | Noticed Ebobla's ghost (novice DsBe)
  5963 | D:7      | Reached ** piety under Okawaru
  6000 | D:7      | Reached skill level 8 in Shields
  6088 | D:7      | Got an ichor-stained broad axe
  6089 | D:7      | Identified the +3 broad axe of the Absolute Madman {vamp,
                  | rElec rPois rC+ Int+2} (You found it on level 7 of the
                  | Dungeon)
  6159 | D:7      | Found Xadwyru's Weapon Shop.
  6281 | D:6      | Reached skill level 10 in Long Blades
  6809 | D:7      | Reached *** piety under Okawaru
  7027 | D:7      | Reached skill level 9 in Shields
  7115 | D:7      | Found a bloodstained altar of Trog.
  7353 | D:2      | Reached skill level 1 in Invocations
  7495 | D:5      | Killed TangoThomas's ghost
  7495 | D:5      | Reached XP level 10. HP: 80/84 MP: 7/9
  7591 | D:8      | Found an opulent altar of Gozag.
  7682 | D:8      | Noticed Erica
  7696 | D:8      | Killed Erica
  7696 | D:8      | Reached **** piety under Okawaru
  8709 | D:9      | Found a shadowy altar of Dithmenos.
  8737 | D:9      | Noticed a +0 dagger
  8737 | D:9      | Noticed a +0 hand axe
  8741 | D:9      | Found a hide-covered altar of Uskayaw.
  8775 | D:9      | Noticed a two-headed ogre
  8781 | D:9      | Killed a two-headed ogre
  8781 | D:9      | Received a gift from Okawaru
  8781 | D:9      | Reached ***** piety under Okawaru
  8781 | D:9      | Received a gift from Okawaru
  8781 | D:9      | Reached skill level 1 in Stealth
  8977 | D:9      | Reached skill level 5 in Dodging
  9014 | D:9      | Noticed Gastronok
  9036 | D:9      | HP: 1/89 [Gastronok/the air (27)]
  9637 | D:9      | Received a gift from Okawaru
  9675 | D:9      | Killed Gastronok
  9675 | D:9      | Reached skill level 10 in Shields
  9675 | D:9      | Reached XP level 11. HP: 91/95 MP: 9/11
  9705 | D:10     | Entered Level 10 of the Dungeon
  9793 | D:10     | Found Miuroop's Book Shoppe.
 10150 | D:10     | Noticed a two-headed ogre
 10171 | D:10     | Received a gift from Okawaru
 10194 | D:10     | Killed a two-headed ogre
 10270 | D:10     | Got a spiked hat {god gift}
 10281 | D:10     | Identified the +0 hat of Knowledge {*Drain rC- Dex+10
                  | Stlth+} (Okawaru gifted it to you on level 10 of the
                  | Dungeon)
 10584 | D:10     | Found a staircase to the Lair.
 10587 | D:10     | Noticed a two-headed ogre
 10599 | D:10     | Killed a two-headed ogre
 10907 | D:11     | Noticed a red ugly thing
 10920 | D:11     | Killed a red ugly thing
 10920 | D:11     | Reached skill level 11 in Shields
 11041 | D:11     | Noticed Josephine
 11057 | D:11     | Killed Josephine
 11275 | D:11     | Reached XP level 12. HP: 106/106 MP: 12/12
 11330 | D:11     | Reached skill level 10 in Fighting
 11576 | D:11     | Found a staircase to the Orcish Mines.
 11599 | D:11     | Noticed Fannar
 11615 | D:11     | Killed Fannar
 11615 | D:11     | Reached ****** piety under Okawaru
 11930 | D:11     | Noticed Erolcha
 11966 | D:11     | Killed Erolcha
 11966 | D:11     | Received a gift from Okawaru
 11966 | D:11     | Reached skill level 12 in Shields
 12120 | D:11     | Noticed a two-headed ogre
 12124 | D:11     | Killed a two-headed ogre
 12927 | D:6      | Killed Ebobla's ghost
 13227 | D:12     | Reached skill level 15 in Long Blades
 13953 | Lair:1   | Entered Level 1 of the Lair of Beasts
 13976 | Lair:1   | Noticed Sonja
 13987 | Lair:1   | Killed Sonja
 14044 | Lair:1   | Found a dark tunnel.
 14051 | Volcano  | Entered a volcano
 14723 | Volcano  | Found a burning altar of Makhleb.
 14764 | Volcano  | Received a gift from Okawaru
 14968 | Volcano  | Got a fine double sword {god gift}
 14969 | Volcano  | Identified the +9 double sword of Dust {flame, rElec Int+3}
                  | (Okawaru gifted it to you in a volcano)
 15206 | Volcano  | Reached XP level 13. HP: 99/116 MP: 13/13
 15280 | Volcano  | Reached skill level 13 in Shields
 15565 | Lair:1   | Noticed Joseph
 15576 | Lair:1   | Killed Joseph
 16032 | Lair:1   | Noticed Grum
 16033 | Lair:1   | Received a gift from Okawaru
 16039 | Lair:1   | Reached skill level 10 in Armour
 16040 | Lair:1   | Killed Grum
 16063 | Lair:1   | Got a pair of polished gloves {god gift}
 16074 | Lair:1   | Identified the +0 pair of gloves of Hospitality {+Inv rF+
                  | Regen+ Dex+2} (Okawaru gifted it to you on level 1 of the
                  | Lair of Beasts)
 16784 | Lair:2   | Found a staircase to the Swamp.
 17660 | D:13     | Received a gift from Okawaru
 17660 | D:13     | Reached skill level 14 in Shields
 18079 | D:13     | Reached XP level 14. HP: 109/127 MP: 14/14
 18202 | D:13     | Found a gate to the Vaults.
 18868 | Lair:3   | Received a gift from Okawaru
 19071 | Lair:3   | Found a staircase to the Snake Pit.
 19848 | Lair:3   | Found a runed translucent door.
 20332 | Lair:4   | Received a gift from Okawaru
 20417 | Lair:4   | Reached skill level 15 in Shields
 20578 | Lair:4   | Received a gift from Okawaru
 21102 | Lair:4   | Noticed Rupert
 21112 | Lair:4   | Killed Rupert
 21112 | Lair:4   | Reached skill level 10 in Dodging
 21191 | Lair:5   | Found a gate leading to a gauntlet.
 21204 | Gauntlet | Entered a Gauntlet
 21204 | Gauntlet | Found a transporter.
 21212 | Gauntlet | Found a transporter.
 21215 | Gauntlet | Found a transporter.
 21216 | Gauntlet | Found a transporter.
 21227 | Gauntlet | Found a transporter.
 21227 | Gauntlet | Found a transporter.
 21228 | Gauntlet | Found a transporter.
 21236 | Gauntlet | Found a transporter.
 21239 | Gauntlet | Found a transporter.
 21240 | Gauntlet | Found a transporter.
 21247 | Gauntlet | Found a runed translucent door.
 21250 | Gauntlet | Found a transporter.
 21251 | Gauntlet | Found a transporter.
 21252 | Gauntlet | Found a transporter.
 21260 | Gauntlet | Found a transporter.
 21427 | Gauntlet | Received a gift from Okawaru
 21434 | Gauntlet | Got a crystal great mace
 21817 | Lair:5   | You fall into a shaft and drop 1 floor!
 21817 | Lair:6   | Entered Level 6 of the Lair of Beasts
 22471 | Lair:6   | Reached XP level 15. HP: 134/138 MP: 15/15
 22528 | Lair:6   | Received a gift from Okawaru
 22531 | Lair:6   | Got a buzzing hat {god gift}
 22560 | Lair:6   | Identified the +0 hat "Cash" {rPois rN+++ rCorr Stlth-}
                  | (Okawaru gifted it to you on level 6 of the Lair of Beasts)
 22916 | Lair:6   | Found a staircase to the Slime Pits.
 23121 | Lair:6   | Found a runed translucent door.
 23276 | Lair:6   | Reached skill level 16 in Shields
 23795 | Lair:6   | Received a gift from Okawaru
 23847 | Lair:6   | Identified 2 scrolls of acquirement
 24132 | Orc:1    | Entered Level 1 of the Orcish Mines
 24266 | Orc:2    | Entered Level 2 of the Orcish Mines
 24368 | Orc:2    | Found a staircase to the Elven Halls.
 24425 | Orc:2    | Noticed Snorg
 24435 | Orc:2    | Killed Snorg
 24435 | Orc:2    | Received a gift from Okawaru
 24497 | Orc:2    | Found a roughly hewn altar of Beogh.
 24713 | Orc:2    | Found Ryrur's Gadget Shop.
 24722 | Orc:2    | Reached skill level 15 in Fighting
 24809 | Orc:2    | Found Xaicaedgh's Antique Armour Emporium.
 25304 | Orc:2    | Found Wicker's Book Emporium.
 25304 | Orc:2    | Found Biovedgh's Book Shop.
 25618 | Orc:1    | You fall into a shaft and drop 1 floor!
 25749 | Orc:1    | Acquired 480 gold pieces
 25751 | Orc:1    | Acquired 1050 gold pieces
 26271 | D:14     | Received a gift from Okawaru
 26532 | D:14     | Found a portal to a secret trove of treasure.
 26610 | D:14     | You paid a toll of 6 scrolls of fear to enter a treasure
                  | trove
 26611 | Trove    | Entered a treasure trove
 26614 | Trove    | Found the +10 zealot's sword {holy, *Rage rN+ EV+3}
 26616 | Trove    | Found the +11 plutonium sword {*Contam Stlth-}
 26621 | Trove    | Got a jewelled falchion
 26625 | Trove    | Identified the +2 falchion "Minkecow" {vorpal, rPois rF+
                  | rC+ Int-4} (You found it in a treasure trove)
 26670 | Trove    | Got a dazzling double sword
 26671 | Trove    | Identified the +3 double sword of Bloody Death {holy,
                  | Int+7} (You found it in a treasure trove)
 26694 | Trove    | Got a smoking quick blade
 26695 | Trove    | Identified the cursed +0 quick blade of Causality {vorpal,
                  | rElec rF+ Str+2 SInv} (You found it in a treasure trove)
 26989 | D:14     | Reached skill level 17 in Shields
 26989 | D:14     | Reached XP level 16. HP: 130/149 MP: 16/16
 26992 | D:14     | Received a gift from Okawaru
 27791 | D:14     | Got a glimmering chain mail
 27802 | D:14     | Identified the +8 chain mail "Bagrazoc" {rElec} (You found
                  | it on level 14 of the Dungeon)
 28021 | D:15     | Entered Level 15 of the Dungeon
 28251 | D:15     | Found a staircase to the Depths.
 28698 | D:15     | Found an iron altar of Okawaru.
 28736 | D:15     | Received a gift from Okawaru
 29202 | Swamp:1  | Entered Level 1 of the Swamp
 29340 | Swamp:1  | Received a gift from Okawaru
 29925 | Swamp:2  | Reached skill level 18 in Shields
 30766 | Swamp:3  | Identified Roxanne's Tome of Shape Shifting
 30766 | Swamp:3  | Noticed Roxanne
 30781 | Swamp:3  | Killed Roxanne
 30794 | Swamp:3  | Noticed a thorn hunter
 30805 | Swamp:3  | Killed a thorn hunter
 31008 | Swamp:3  | Noticed Aizul
 31022 | Swamp:3  | Killed Aizul
 31397 | Swamp:3  | Reached XP level 17. HP: 149/160 MP: 17/17
 31683 | Swamp:4  | Entered Level 4 of the Swamp
 31712 | Swamp:4  | Received a gift from Okawaru
 31723 | Swamp:4  | Got a steaming demon trident {god gift}
 31998 | Swamp:4  | Received a gift from Okawaru
 32592 | Swamp:4  | Reached skill level 19 in Shields
 32786 | Swamp:4  | Noticed Louise
 32815 | Swamp:4  | Killed Louise
 33261 | Swamp:4  | Got a decaying rune of Zot
 33452 | D:10     | Identified the +0 demon trident of Pucalihi {pain, +Inv
                  | rPois MR-} (Okawaru gifted it to you on level 4 of the
                  | Swamp)
 33541 | Elf:1    | Entered Level 1 of the Elven Halls
 33607 | Elf:1    | Found Moyxou's Antique Armour Shoppe.
 33679 | Elf:1    | Found a ruined gateway.
 33696 | Elf:1    | Received a gift from Okawaru
 33724 | Desolati | Entered the Desolation of Salt
 33869 | Desolati | Reached skill level 1 in Unarmed Combat
 34087 | Desolati | Found the +2 ratskin cloak {+Rats rPois rN+ Str-1 Int-1
                  | Dex+1}
 34284 | Desolati | Received a gift from Okawaru
 34405 | Desolati | Reached XP level 18. HP: 139/171 MP: 18/18
 34571 | Desolati | Reached skill level 20 in Shields
 34786 | Desolati | Got a vibrating lead ring
 34788 | Desolati | Got a shimmering zirconium amulet
 34790 | Desolati | Identified the ring "Mido" {MR+ Str-5 Int+6 SInv} (You
                  | found it in the Desolation of Salt)
 34812 | Desolati | Got a pitted halberd
 34922 | Desolati | Got a turquoise-studded plate armour
 34933 | Desolati | Identified the +1 plate armour of Orthodoxy {rC+ Str+4}
                  | (You found it in the Desolation of Salt)
 34980 | Desolati | Identified Jugusm's Incunabulum of Enchantment
 35075 | Desolati | Identified the Catalogue of Lightness and Sinister Arts
 35078 | Desolati | Got a shimmering glass ring
 35079 | Desolati | Identified the ring of Acuoclis {rPois MP+9 EV+4 Int+7}
                  | (You found it in the Desolation of Salt)
 35084 | Desolati | Got a dazzling cloak
 35095 | Desolati | Identified the -1 cloak of Dawn {Str+4 Stlth+} (You found
                  | it in the Desolation of Salt)
 35096 | Desolati | Got a crystal flail
 35537 | Elf:1    | Received a gift from Okawaru
 35633 | Elf:1    | Noticed Azrael
 35648 | Elf:1    | Killed Azrael
 35860 | Elf:1    | Identified the amulet of Fun {Regen+ Str+2} (You found it
                  | in the Desolation of Salt)
 36197 | Elf:2    | Found a flickering gateway to a bazaar.
 36237 | Bazaar   | Entered a bazaar
 36258 | Bazaar   | Found Hamy's Food Boutique.
 36287 | Bazaar   | Found Puymoase's Food Boutique.
 36315 | Bazaar   | Found Goseam's Food Boutique.
 36535 | Elf:2    | Found Lelyl's Antique Armour Boutique.
 36537 | Elf:2    | Found Ifa Qulo's Distillery.
 36537 | Elf:2    | Found Cuzitreq's Jewellery Boutique.
 36588 | Elf:2    | Found Liadenom's General Store.
 36597 | Elf:2    | Bought a potion of berserk rage for 90 gold pieces
 36603 | Elf:2    | Bought a scroll of identify for 32 gold pieces
 36603 | Elf:2    | Bought a scroll of enchant weapon for 120 gold pieces
 36737 | Elf:2    | Found Nanehu's Antique Armour Boutique.
 36747 | Elf:2    | Found Feph's General Store.
 36940 | Elf:2    | Reached skill level 21 in Shields
 36989 | Elf:2    | Received a gift from Okawaru
 37031 | Elf:2    | Got an ivory scimitar {god gift}
 37032 | Elf:2    | Identified the +6 scimitar of the Freezing Priest {pain,
                  | Int+2} (Okawaru gifted it to you on level 2 of the Elven
                  | Halls)
 37104 | Elf:2    | Found a runed translucent gate.
 37105 | Elf:2    | Found a runed translucent gate.
 37112 | Elf:2    | Found a runed translucent gate.
 37470 | Elf:2    | Bought gold dragon scales for 1760 gold pieces
 37605 | D:10     | Identified the cursed +1 flail of Yredelemnul's Reproof
                  | {protect, +Inv rF+ rN++ Dex-4} (You found it in the
                  | Desolation of Salt)
 37915 | Elf:3    | Entered Level 3 of the Elven Halls
 38625 | Elf:3    | Reached XP level 19. HP: 181/181 MP: 19/19
 38829 | Elf:3    | Received a gift from Okawaru
 38830 | Elf:3    | Killed from afar by a deep elf sorcerer

Illustrated notes

Levels and vault maps discovered:
D:1:      psy_arrival_fountain, layout_basic
D:2:      layout_basic, marbit_many_paths, gammafunk_temple_overflow_arena,
          first_ration
D:3:      layout_rooms
D:4:      layout_gridville, kennysheep_boxes
D:5:      layout_basic, minmay_temple_entry_glassed_door, gammafunk_ghost_icy,
          minmay_a_box_with_orc_wizards_in_it
D:6:      layout_loops_cross, serial_shops, kennysheep_mini,
          gammafunk_ghost_necromancy, patterned_corridor, uniq_maggie
D:7:      layout_cave_pools, lightli_temple_of_fire, serial_shops, shop
D:8:      layout_basic, nicolae_gozag_cash_rules_everything_around_me,
          uniq_erica
D:9:      layout_long_grid, dancing_weapons_uskayaw, grunt_dithmenos_smoke,
          uniq_gastronok
D:10:     layout_long_grid, erik_lair_orcish_takeover, serial_shops, shop
D:11:     layout_loops_ring, orc_0_dummy, grunt_ogre_cave,
          minmay_stone_trees_medium, minmay_misc_feat_cross, dk_noncrumbling_2,
          uniq_fannar, uniq_erolcha, uniq_josephine
D:12:     layout_basic
D:13:     layout_rooms, grunt_vaults_entry_fortified
D:14:     lemuel_traditional_vault, layout_loops_ring, minmay_staircase_statues,
          enter_trove_0
D:15:     hangedman_depths_entry_civil_slaughter, layout_stronghold,
          okawaru_ov_weapons_minmay
Temple:   nicolae_temple_x_marks_the_god
Lair:1:   layout_gridlike, enter_volcano_4, lemuel_fruit_fields,
          serial_bayou_shore_b, uniq_sonja, uniq_joseph, uniq_grum
Lair:2:   beast_lair_carwin_large_2, layout_chaotic_city,
          minmay_swamp_entry_swarm, small_statue_intersection,
          serial_bayou_shore_a
Lair:3:   gammafunk_lair_enchanted_lake, layout_small_grid,
          minmay_snake_entry_guardpost_large, beast_lair_carwin_8
Lair:4:   layout_cave_pods, cheibrodos_lair_reptile_den, uniq_rupert
Lair:5:   layout_loops_ring, gauntlet_entry_generic, minmay_lair_oklob_items,
          grunt_megastairs_1
Lair:6:   hangedman_lair_tendril_chambers, layout_regular_city, wormcave,
          minmay_slime_entry_jelly_boxes
Swamp:1:  layout_falls_marsh, infiniplex_staircase_pool_2
Swamp:2:  layout_basic_swamp, evilmike_swamp_ruin_rubble_1
Swamp:3:  layout_falls_marsh, evilmike_swamp_ruin_house_4, swamp_pool3,
          nicolae_swamp_little_tower, uniq_roxanne, uniq_aizul
Swamp:4:  swamp_fiery, layout_basic_swamp, swamp_pool1, hangedman_swamp_blocks,
          uniq_louise
Orc:1:    layout_diamond_mine
Orc:2:    st_orc_town, layout_caves, uniq_snorg
Elf:1:    eino_elf_arrival_sip, layout_onion_city, serial_shops,
          nicolae_shop_waterfront, portal_desolation_entry_garden, minivault_28,
          uniq_azrael
Elf:2:    layout_gridlike, serial_shops, bzr_entry_lakeside,
          nicolae_shop_temple_entry_statues_fountains, shop,
          minmay_shop_grid_forest
Elf:3:    minmay_elf_hall_x, layout_loops_corners, serial_sigils,
          serial_sigils_hangedman_quiver, serial_sigils_hangedman_stare,
          serial_sigils_hangedman_snap, serial_sigils_hangedman_etch

Skill      XL: |  1  2  3  4  5  6  7  8  9 10 11 12 13 14 15 16 17 18 |
---------------+-------------------------------------------------------+-----
Armour         | 4 5 6 7 8 9 10 11 12 13 | 13.4
Fighting       | 4 5 6 8 9 11 12 14 15 16 17 18 | 18.9
Shields        | 4 5 6 7 9 10 11 12 14 15 17 18 19 21 | 21.6
Long Blades    | 3 4 5 7 9 10 12 14 15 16 17 18 19 20 | 20.3
Dodging        | 1 2 4 5 6 7 9 10 11 12 | 12.7
Invocations    | 1 2 |  2.3
Stealth        | 1 2 3 4 |  4.0
Unarmed Combat | 1 |  1.0
Evocations     | |  0.3

Action                   |  1- 3 |  4- 6 |  7- 9 | 10-12 | 13-15 | 16-18 | 19-21 || total
-------------------------+-------+-------+-------+-------+-------+-------+-------++-------
Melee: Long sword        |    86 |   114 |   417 |    42 |       |       |       ||   659
       Headbutt          |    14 |    25 |    76 |   167 |   264 |   354 |     3 ||   903
       Scimitar          |       |       |       |   668 |       |       |       ||   668
       Double sword      |       |       |       |     9 |  1085 |  1238 |    13 ||  2345
       Unarmed           |       |       |       |       |       |    13 |       ||    13
Invok: Heroism           |       |       |     2 |     9 |     3 |     3 |       ||    17
Evoke: Wand              |       |       |       |     3 |       |       |       ||     3
  Use: Potion            |     1 |     2 |     2 |     3 |       |     3 |       ||    11
       Scroll            |       |     4 |       |     7 |    14 |    18 |     3 ||    46
 Stab: Sleeping          |       |       |       |     2 |     2 |       |       ||     4
       Confused          |       |       |       |       |       |     2 |       ||     2
  Eat: Chunk             |     1 |     7 |    14 |    18 |    38 |    32 |     1 ||   111
       Ration            |       |       |       |     3 |       |     2 |       ||     5
Armor: Scale mail        |    52 |     4 |       |       |       |       |       ||    56
       Chain mail        |       |    91 |    70 |       |       |   335 |       ||   496
       Swamp dragon scal |       |       |   101 |   180 |   245 |    31 |       ||   557
       Gold dragon scale |       |       |       |       |       |     5 |     2 ||     7
Dodge: Dodged            |    37 |    30 |   110 |   221 |   595 |   578 |     2 ||  1573
Block: Kite shield       |    48 |    64 |   226 |   386 |   829 |   493 |       ||  2046
       Tower shield      |       |       |       |       |       |   869 |    15 ||   884
       Reflection        |       |       |       |       |       |    85 |     3 ||    88
       Rpst.: Long sword |     7 |    11 |    37 |     2 |       |       |       ||    57
       Scimitar          |       |       |       |    53 |       |       |       ||    53
       Double sword      |       |       |       |       |   158 |    95 |       ||   253
